 Dungeon Crawl Stone Soup version 0.26-a0-845-gfacbca91cf (webtiles) character file.

Game seed: 7579155526550629068

1348 Decritt the Cudgeller (level 8, -2/51 HPs)
             Began as a Gargoyle Fighter on Nov 19, 2020.
             Killed by divine providence
             ... invoked by an orc priest
              (12 damage)
             ... on level 7 of the Dungeon.
             The game lasted 00:12:34 (4642 turns).

Decritt the Cudgeller (Gargoyle Fighter)            Turns: 4642, Time: 00:12:34

Health: -2/51      AC: 24    Str: 22    XL:     8   Next: 63%
Magic:  8/8        EV:  8    Int: 15    God:
Gold:   270        SH: 10    Dex:  9    Spells: 7/7 levels left

rFire    . . .     SeeInvis .   t - +1 flail
rCold    . . .     Faith    .   c - +0 kite shield
rNeg     + . .     Spirit   .   s - +3 ring mail {MR+}
rPois    ∞         Reflect  .   y - +2 helmet
rElec    +         Harm     .   (no cloak)
rCorr    .         Rampage  .   i - +0 pair of gloves
MR       +....                  E - +0 pair of boots
Stlth    ..........             G - amulet of the acrobat
HPRegen  0.17/turn              e - +6 ring of intelligence
MPRegen  0.11/turn              g - +4 ring of protection

@: about to teleport
A: negative energy resistance 1, electricity resistance, unbreathing,
petrification resistance, rot immunity, AC +5
a: no special abilities


You were on level 7 of the Dungeon.
You visited 1 branch of the dungeon, and saw 7 of its levels.

You collected 270 gold pieces.

Inventory:

Hand Weapons
 q - a +0 whip
 t - a +1 flail (weapon)
Armour
 b - a +0 scale mail
 c - a +0 kite shield (worn)
 i - a +0 pair of gloves (worn)
 s - a +3 ring mail of magic resistance (worn)
 y - a +2 helmet (worn)
 E - a +0 pair of boots (worn)
Jewellery
 e - a +6 ring of intelligence (left hand)
 g - a +4 ring of protection (right hand)
 o - an uncursed ring of ice
 G - an amulet of the acrobat (around neck)
Wands
 a - a wand of iceblast (20)
 A - a wand of random effects (13)
 H - a wand of acid (5)
 I - a wand of disintegration (12)
Scrolls
 f - 4 scrolls of teleportation
 h - a scroll of fear {unknown}
 j - 3 scrolls of enchant weapon
 l - 2 scrolls of enchant armour {unknown}
 m - 4 scrolls of magic mapping
 n - a scroll of remove curse
 r - a scroll of identify
 v - a scroll of fog {unknown}
 x - a scroll of amnesia {unknown}
 J - a scroll of immolation {unknown}
Potions
 d - 3 potions of might
 k - 2 potions of lignification {unknown}
 p - a potion of magic
 u - a potion of curing {unknown}
 w - a potion of heal wounds {unknown}
 z - a potion of mutation {unknown}
 B - 2 potions of attraction {unknown}
 C - a potion of ambrosia
 D - a potion of brilliance {unknown}
 F - a potion of berserk rage {unknown}


   Skills:
 + Level 6.0 Fighting
 * Level 6.7 Maces & Flails
 + Level 6.0 Armour
 + Level 5.9 Shields


You had 7 spell levels left.
You didn't know any spells.
Your spell library contained the following spells:

 Spells                   Type           Power        Failure   Level
 Magic Dart               Conj           #...         80%         1
 Blink                    Tloc           N/A          90%         2
 Call Imp                 Summ           #.......     90%         2
 Slow                     Hex            #.......     90%         2
 Confusing Touch          Hex            #.......     99%         3
 Conjure Flame            Conj/Fire      #.......     99%         3
 Gell's Gravitas          Tloc           #.........   99%         3
 Mephitic Cloud           Conj/Pois/Air  #.......     99%         3
 Petrify                  Tmut/Erth      #.......     100%        4
 Metabolic Englaciation   Hex/Ice        #.........   100%        5
 Yara's Violent Unravell  Hex/Tmut       #.........   100%        5


Dungeon Overview and Level Annotations

Branches:
Dungeon (8/15)
 Temple: D:4-7         Lair: D:8-11

Altars:
Ashenzari
Elyvilon
Gozag
Nemelex Xobeh
Sif Muna
Vehumet
Wu Jian
The Shining One

Annotations:
D:5 3 runed translucent doors, Askman's ghost, amateur DsFi; anet's ghost, novice GnHu; hemabe71's ghost, novice HuAr; twist's ghost, novice DDNe


Innate Abilities, Weirdness & Mutations

You are resistant to torment.
Your stone body is resilient. (AC +5)
You are immune to poison.
You resist negative energy. (rN+)
You are resistant to electric shocks. (rElec)
You can survive without breathing.
You are immune to petrification.
You are immune to rotting.


Message History

An orc comes into view. It is wielding a +0 mace.
The orc shouts!
You hear a shout! x2
An orc priest comes into view.
You block the ogre's attack.
An orc wizard comes into view. It is wielding a +0 dagger.
Your shield prevents you from hitting the ogre.
The orc priest invokes the aid of Beogh against you.
Beogh smites you! You block the ogre's attack.
The orc priest mumbles some strange prayers to Beogh against you.
Beogh smites you!
* * * LOW HITPOINT WARNING * * *
The orc wizard casts a spell at you. The magic dart hits you!
* * * LOW HITPOINT WARNING * * *
The ogre completely misses you.
As you read the scroll of teleportation, it crumbles to dust.
You feel strangely unstable.
The orc priest invokes the aid of Beogh against you.
Beogh smites you!
You die...

#.........).......
#.........>†......
#............###..
#...!............
#.................
#.................
#.................
#.......O.o.......
#......@..o.o...!.
#.......#...#o$.
#.......#...#..
#.......#...#
#........ ..#
#......... .#
#............
#.......##


You could see an ogre, an orc priest, 2 orc wizards and an orc.

Vanquished Creatures
  Grinder (D:4)
  Sigmund (D:3)
  Menkaure (D:4)
  Duvessa (D:4)
  A sky beast (D:5)
  An ogre (D:4)
  Dowan (D:4)
  A crimson imp (D:4)
  3 hounds
  A quasit (D:8)
  A bullfrog skeleton (D:8)
  An iguana (D:7)
  Ijyb (D:3)
  Natasha (thrice) (D:3)
  A worker ant (D:4)
  Robin (D:3)
  A howler monkey skeleton (D:5)
  8 adders
  2 white imps
  2 oozes
  2 worms
  A dart slug (D:5)
  4 leopard geckos
  6 orcs
  A ball python (D:3)
  9 bats
  6 giant cockroaches
  12 goblins
  11 hobgoblins
  7 jackals
  6 kobolds
  3 quokkas (D:2)
  6 frilled lizards
  A giant cockroach zombie (D:5)
  3 goblin zombies (D:4)
  6 hobgoblin zombies (D:4)
  A kobold zombie (D:4)
  An orc zombie (D:4)
  A quokka skeleton (D:4)
  5 rats
125 creatures vanquished.

Vanquished Creatures (others)
  A plant (D:1)
  2 withered plants (D:5)
3 creatures vanquished.

Grand Total: 128 creatures vanquished

Notes
Turn   | Place    | Note
-------+----------+-------------------------------------------
     0 | D:1      | Decritt the Gargoyle Fighter began the quest for the Orb.
     0 | D:1      | Reached XP level 1. HP: 14/14 MP: 1/1
   268 | D:1      | Reached XP level 2. HP: 19/19 MP: 2/2
   364 | D:1      | Found a broken altar of Ashenzari.
  1187 | D:2      | Reached XP level 3. HP: 22/23 MP: 3/3
  1352 | D:2      | Found an opulent altar of Gozag.
  1368 | D:2      | Reached XP level 4. HP: 29/29 MP: 4/4
  1533 | D:2      | Found a white marble altar of Elyvilon.
  1839 | D:3      | Noticed Ijyb
  1948 | D:3      | Killed Ijyb
  1949 | D:3      | Reached XP level 5. HP: 26/33 MP: 5/5
  2185 | D:3      | Noticed Robin
  2207 | D:3      | Killed Robin
  2243 | D:3      | Noticed Sigmund
  2244 | D:3      | Noticed Natasha
  2291 | D:3      | Killed Natasha
  2306 | D:3      | Killed Sigmund
  2307 | D:3      | Reached XP level 6. HP: 33/39 MP: 6/6
  2351 | D:3      | Noticed Natasha
  2353 | D:3      | Killed Natasha
  2454 | D:3      | Noticed Natasha
  2465 | D:3      | Killed Natasha
  2706 | D:4      | Reached XP level 7. HP: 44/44 MP: 7/7
  2712 | D:4      | Found a glowing golden altar of the Shining One.
  2743 | D:4      | Noticed Dowan
  2762 | D:4      | Killed Dowan
  2763 | D:4      | Reached skill level 5 in Maces & Flails
  2765 | D:4      | Noticed Duvessa
  2783 | D:4      | Killed Duvessa
  2784 | D:4      | Reached skill level 5 in Fighting
  2784 | D:4      | Reached skill level 5 in Armour
  2784 | D:4      | Reached skill level 5 in Shields
  3013 | D:4      | Noticed Menkaure
  3035 | D:4      | Killed Menkaure
  3215 | D:4      | Noticed Grinder
  3239 | D:4      | Paralysed by Grinder for 3 turns
  3242 | D:4      | Killed Grinder
  3243 | D:4      | Reached XP level 8. HP: 43/50 MP: 8/8
  3330 | D:4      | Found an ornate altar of the Wu Jian Council.
  3330 | D:4      | Found a sparkling altar of Nemelex Xobeh.
  3331 | D:4      | Found a radiant altar of Vehumet.
  3743 | D:5      | Entered Level 5 of the Dungeon
  3748 | D:5      | Found a shimmering blue altar of Sif Muna.
  3924 | D:5      | Found a runed translucent gate.
  3932 | D:5      | Found a runed translucent gate.
  3936 | D:5      | Found a runed translucent gate.
  3936 | D:5      | Noticed Askman's ghost (amateur DsFi)
  3936 | D:5      | Noticed anet's ghost (novice GnHu)
  3937 | D:5      | Noticed hemabe71's ghost (novice HuAr)
  3937 | D:5      | Noticed twist's ghost (novice DDNe)
  4378 | D:5      | You fall into a shaft and drop 3 floors!
  4591 | D:8      | Noticed a two-headed ogre
  4642 | D:7      | Killed from afar by an orc priest

Illustrated notes

Levels and vault maps discovered:
D:1:      dpeg_arrival_central, layout_loops_ring, serial_forest,
          infiniplex_forest_clump_large, infiniplex_forest_clump_long,
          infiniplex_forest_straight_2, infiniplex_forest_clump_small,
          infiniplex_forest_join, infiniplex_forest_zigzag_2,
          nicolae_ashenzari_panopticon
D:2:      layout_rooms, lemuel_crystal_altar, grunt_gozag_statues, st_stairs_10
D:3:      layout_rooms, lemuel_statue_altar, uniq_sigmund, uniq_natasha,
          uniq_ijyb, uniq_robin
D:4:      layout_basic, nicolae_tso_besieged_by_evil,
          gammafunk_temple_overflow_forgotten, uniq_duvessa, uniq_menkaure,
          uniq_grinder
D:5:      layout_loops_ring, lemuel_doored_altar, gammafunk_ghost_cemetery,
          minivault_11
D:7:      layout_basic
D:8:      layout_cave_pools, chequers_hall_statues_wall_a, uniq_grum

Skill      XL: |  1  2  3  4  5  6  7  8 |
---------------+-------------------------+-----
Maces & Flails | 3 4 6 |  6.7
Fighting       | 4 5 6 |  6.0
Armour         | 4 5 6 |  6.0
Shields        | 4 5 |  5.9

Action                   |  1- 3 |  4- 6 |  7- 9 || total
-------------------------+-------+-------+-------++-------
Melee: Flail             |   171 |   147 |   224 ||   542
       Whip              |       |    99 |       ||    99
  Use: Scroll            |       |       |     9 ||     9
Armor: Scale mail        |   117 |    79 |       ||   196
       Ring mail         |       |    68 |   163 ||   231
Dodge: Dodged            |    61 |    75 |   111 ||   247
Block: Kite shield       |   113 |   129 |   172 ||   414

Table legend: (Time is in decaauts)
 A = Elapsed time spent in this place.
 B = Non-inter-level travel time spent in this place.
 C = Inter-level travel time spent in this place.
 D = Time resting spent in this place.
 E = Time spent auto-exploring this place.
 F = Levels seen in this place.
 G = Mean time per level.
                   A        B        C        D        E       F      G
               +--------+--------+--------+--------+--------+-----+--------+
         Total |   4782 |   4644 |    138 |    555 |   2748 |   7 |  683.1 |
       Dungeon |   4782 |   4644 |    138 |    555 |   2748 |   7 |  683.1 |
               +--------+--------+--------+--------+--------+-----+--------+

Top non-repeatable levels by time:
     D:4: 1062 daAuts
     D:1: 1060 daAuts
     D:3: 930 daAuts
     D:2: 816 daAuts
     D:5: 642 daAuts
     D:8: 234 daAuts
     D:7: 36 daAuts
